 Dungeon Crawl Stone Soup version 0.24-a0-309-g1095bca (webtiles) character file.

Game seed: 8122747299247860685

107 mhoghedin the Insei (level 4, -1/35 HPs)
             Began as a Demigod Transmuter on May 14, 2019.
             Slain by an iguana (13 damage)
             ... on level 4 of the Dungeon.
             The game lasted 00:03:23 (1355 turns).

mhoghedin the Insei (Demigod Transmuter)            Turns: 1355, Time: 00:03:24

Health: -1/35      AC:  2    Str: 15    XL:     4   Next: 31%
Magic:  3/9        EV: 19    Int: 17    God:
Gold:   92         SH:  0    Dex: 21    Spells: 1/7 levels left

rFire    . . .     SeeInvis .     - Unarmed
rCold    . . .     Gourm    .   (shield currently unavailable)
rNeg     . . .     Faith    .   (armour currently unavailable)
rPois    x         Spirit   .   (helmet currently unavailable)
rElec    .         Reflect  .   (cloak currently unavailable)
rCorr    .         Harm     .   (gloves currently unavailable)
MR       .....                  (boots currently unavailable)
Stlth    ++........             (no amulet)
HPRegen  0.11/turn              (no ring)
MPRegen  0.11/turn              (no ring)

@: spider-form
A: tiny, high mp 1
a: End Transformation


You were on level 4 of the Dungeon.
You were very hungry.
You were a venomous arachnid creature.
You visited 1 branch of the dungeon, and saw 3 of its levels.

You collected 92 gold pieces.

Inventory:

Hand Weapons
 e - a cursed -3 club
   (You found it on level 1 of the Dungeon)
 f - a +0 short sword
   (You took it off a kobold on level 1 of the Dungeon)
 g - a cursed -1 hand axe (melded)
   (You found it on level 1 of the Dungeon)
Missiles
 a - 32 arrows
Armour
 b - a +0 robe
 h - a +0 pair of gloves (melded)
   (You found it on level 1 of the Dungeon)
 n - a +0 robe of magic resistance (melded)
   (You found it on level 4 of the Dungeon)
Potions
 c - a potion of heal wounds {unknown}
 i - a potion of haste {unknown}
 k - 2 potions of agility {unknown}
 l - 2 potions of curing {unknown}
 m - a potion of degeneration {unknown}
Comestibles
 d - 6 rations


   Skills:
 + Level 1.5 Fighting
 - Level 1.7 Dodging
 * Level 3.4 Unarmed Combat
 - Level 2.0 Spellcasting
 - Level 3.3 Transmutations
 - Level 0.5 Poison Magic


You had one spell level left.
You knew the following spells:

 Your Spells              Type           Power        Failure   Level  Hunger
a - Beastly Appendage     Tmut           ##....       14%         1    #......
c - Spider Form           Tmut/Pois      #.........   47%         3    ###....
s - Sticks to Snakes      Tmut           ##......     21%         2    ###....

Your spell library contained the following spells:

 Spells                   Type           Power        Failure   Level  Hunger
 Ice Form                 Ice/Tmut       #.......     86%         4    #####..
 Blade Hands              Tmut           ##........   92%         5    ######.


Dungeon Overview and Level Annotations

Branches:
Dungeon (2/15)


Innate Abilities, Weirdness & Mutations

You have an increased reservoir of magic. (+10% MP)


Message History

You barely miss the hound. The hound closely misses you.
Your adder barely misses the hound.
You hit the hound but do no damage.
The hound is poisoned.
The hound closely misses you.
Your adder bites the hound.
You hit the hound.
The hound looks as sick as possible!
The hound barely misses you.
Your adder closely misses the hound.
The hound misses you.
You barely miss the hound.
You kill the hound!
Your Fighting skill increases to level 1!
Your Unarmed Combat skill increases to level 3!
Your adder misses the worker ant.
You regained 2 hp, and now have 27/28 hp.
You hit the worker ant.
The worker ant is poisoned.
Your transformation is almost over.
Your adder bites the worker ant but does no damage.
The worker ant barely misses you.
A giant cockroach comes into view.
Your adder bites the worker ant.
The worker ant looks even sicker.
Your adder poisons the worker ant!
The worker ant completely misses you. The jackal misses you.
You hit the worker ant.
The worker ant looks as sick as possible!
Your adder bites the worker ant.
The worker ant looks as sick as possible!
Your adder poisons the worker ant!
The jackal barely misses you. The worker ant misses your adder.
You hit the worker ant.
You kill the worker ant!
You have reached level 4!
The jackal closely misses you.
You regained 7 hp, and now have 34/35 hp.
You barely miss the jackal.
You are feeling very hungry.
The jackal completely misses you.
Your adder barely misses the jackal.
The jackal closely misses you.
You hit the jackal.
Your adder bites the jackal.
The jackal dies!
Your adder bites the giant cockroach but does no damage.
You swap places.
The giant cockroach bites you but does no damage.
You hit the giant cockroach.
The giant cockroach is poisoned.
You kill the giant cockroach!
A jackal comes into view.
You swap places.
The iguana hisses angrily.
A jackal comes into view.
You bite the jackal!
You kill the jackal!
Your transformation has ended.
Your cursed -1 hand axe unmelds from your body.
Your +0 pair of gloves unmelds from your body.
Your +0 robe of magic resistance unmelds from your body.
You feel resistant to hostile enchantments.
A worker ant comes into view.
There is a stone staircase leading up here.
The worker ant closely misses you.
You hit the worker ant but do no damage.
The worker ant misses you.
Health restored: 35 You hit the worker ant but do no damage.
Your adder bites the worker ant.
The worker ant barely misses you.
Your adder bites the worker ant.
The worker ant is poisoned.
Your adder poisons the worker ant!
The worker ant closely misses you.
You closely miss the worker ant.
You hear the slow rusting of a distant drain.
Your adder bites the worker ant.
The worker ant misses your adder.
Your adder bites the worker ant.
You completely miss the worker ant.
The worker ant dies!
Your adder looks stronger.
Your adder bites the jackal.
The jackal closely misses you.
Your adder bites the jackal.
The jackal dies!
You hit the iguana but do no damage.
Your adder barely misses the iguana.
The iguana bites you.
You take 6 damage, and have 29/35 hp.
You hit the iguana but do no damage.
Your adder bites the iguana but does no damage.
The iguana bites you.
Your adder barely misses the iguana.
You take 6 damage, and have 23/35 hp.
You closely miss the iguana. The iguana bites you.
Your adder barely misses the iguana.
The iguana bites you!
Your adder bites the iguana but does no damage.
You take 12 damage, and have 11/35 hp.
MASSIVE DAMAGE!!
You turn into a venomous arachnid creature.
Your cursed -1 hand axe melds into your body.
Your +0 pair of gloves melds into your body.
Your +0 robe of magic resistance melds into your body.
You feel less resistant to hostile enchantments.
Your adder bites the iguana.
The iguana is poisoned.
Your adder poisons the iguana!
The iguana misses you.
You now have 2/9 mp.
You completely miss the iguana.
Your adder bites the iguana.
The iguana closely misses you.
You hit the iguana.
The iguana looks even sicker.
Your adder withers and dies!
The iguana bites you!
You die...

.(..... ..........
......... .....l...
.### ...... .....
.... ......#####.#
......†sl.†.#
......#.##.<# #
..... #.##..####
#.#
.....?#.##.....#...
.................#
.. ...###.#.##.###
. #.......#
#.####.....# #.#
###.#


You could see an iguana.

Vanquished Creatures
  A hound (D:4)
  A worker ant (D:4)
  An ooze (D:1)
  5 dart slugs
  2 leopard geckos
  A giant cockroach (D:4)
  5 hobgoblins (D:1)
  A jackal (D:4)
  4 bats
  3 frilled lizards (D:1)
  7 kobolds
  8 rats
39 creatures vanquished.

Vanquished Creatures (collateral kills)
  A worker ant (D:4)
  2 jackals (D:4)
3 creatures vanquished.

Grand Total: 42 creatures vanquished

Notes
Turn   | Place    | Note
-------+----------+-------------------------------------------
     0 | D:1      | mhoghedin the Demigod Transmuter began the quest for the
                  | Orb.
     0 | D:1      | Reached XP level 1. HP: 15/15 MP: 5/5
    17 | D:1      | Reached skill level 2 in Transmutations
   408 | D:1      | Reached XP level 2. HP: 14/22 MP: 5/7
   416 | D:1      | Learned a level 2 spell: Sticks to Snakes
   762 | D:1      | Reached skill level 3 in Transmutations
   916 | D:1      | Found a sparkling altar of Nemelex Xobeh.
  1127 | D:1      | Reached skill level 2 in Spellcasting
  1127 | D:1      | Reached XP level 3. HP: 24/27 MP: 6/8
  1132 | D:1      | Learned a level 3 spell: Spider Form
  1298 | D:2      | You fall through a shaft for 2 floors!
  1334 | D:4      | Reached skill level 1 in Fighting
  1334 | D:4      | Reached skill level 3 in Unarmed Combat
  1337 | D:4      | Reached XP level 4. HP: 33/35 MP: 3/9
  1355 | D:4      | Slain by an iguana

Levels and vault maps discovered:
D:1:      minmay_arrival_up_and_down, layout_basic, nemelex_diamond_rough_becter
D:2:      minmay_chambers_of_ones, layout_rooms, trog_hazing_becter
D:4:      layout_rooms, cheibrodos_sewer_entry_sluice,
          cheibrodos_ashenzari_chains

Skill      XL: |  1  2  3 |
---------------+----------+-----
Transmutations | 2 3 |  3.3
Spellcasting   | 2 |  2.0
Fighting       | 1 |  1.5
Unarmed Combat | 3 |  3.4
Dodging        | |  1.7
Poison Magic   | |  0.5

Action                   |  1- 3 |  4- 6 || total
-------------------------+-------+-------++-------
Melee: Unarmed           |    21 |     6 ||    27
       Hand axe          |    76 |     7 ||    83
       Short sword       |     7 |       ||     7
       Headbutt          |     8 |       ||     8
       Kick              |     9 |       ||     9
 Cast: Beastly Appendage |    18 |       ||    18
       Spider Form       |     1 |     1 ||     2
       Sticks to Snakes  |     1 |       ||     1
  Use: Scroll            |     3 |       ||     3
 Stab: Distracted        |     1 |       ||     1
       Sleeping          |     1 |       ||     1
  Eat: Chunk             |     1 |       ||     1
Armor: Robe              |    15 |       ||    15
       Skin              |       |     1 ||     1
Dodge: Dodged            |    87 |    10 ||    97

Table legend:
 A = Non-vault XP
 B = Vault XP
 C = Vault XP percentage of total XP
 D = Non-vault monster count
 E = Vault monster count
 F = Vault count percentage of total count
                 A         B        C        D         E       F
            +---------+---------+-------+---------+---------+-------
      Total |     153 |       0 |   0.0 |      42 |       0 |   0.0
            +---------+---------+-------+---------+---------+-------
        D:1 |      51 |       0 |   0.0 |      27 |       0 |   0.0
        D:2 |      17 |       0 |   0.0 |       8 |       0 |   0.0
        D:4 |      85 |       0 |   0.0 |       7 |       0 |   0.0
            +---------+---------+-------+---------+---------+-------

Levels and vault maps discovered:
D:1:      minmay_arrival_up_and_down, layout_basic, nemelex_diamond_rough_becter
D:2:      minmay_chambers_of_ones, layout_rooms, trog_hazing_becter
D:4:      layout_rooms, cheibrodos_sewer_entry_sluice,
          cheibrodos_ashenzari_chains

Table legend:
 A = Turns spent in this place as a percentage of turns spent in the entire game.
 B = Non-inter-level travel turns spent in this place as a percentage of non-inter-level travel turns spent in the entire game.
 C = Inter-level travel turns spent in this place as a percentage of turns spent in this place.
 D = Turns resting spent in this place as a percentage of non-inter-level travel turns spent in this place.
 E = Turns spent auto-exploring this place as a percentage of non-inter-level travel turns spent in this place.
 F = Non-inter-level travel turns spent in this place divided by the number of levels of this place that you've seen.
                   A       B       C       D       E      F
               +-------+-------+-------+-------+-------+----------------------
         Total | 100.0 | 100.0 |   4.0 |  35.1 |  39.6 | 433.7
       Dungeon | 100.0 | 100.0 |   4.0 |  35.1 |  39.6 | 433.7
               +-------+-------+-------+-------+-------+----------------------

Table legend:
 A = Kills in this place as a percentage of kills in entire the game.
 B = Kills by you in this place as a percentage of kills by you in the entire game.
 C = Kills by friends in this place as a percentage of kills by friends in the entire game.
 D = Other kills in this place as a percentage of other kills in the entire game.
 E = Experience gained in this place as a percentage of experience gained in the entire game.
 F = Experience gained in this place divided by the number of levels of this place that you have seen.
                   A       B       C       D       E      F
               +-------+-------+-------+-------+-------+----------------------
         Total | 100.0 | 100.0 | 100.0 |   N/A | 100.0 |  51.0
       Dungeon | 100.0 | 100.0 | 100.0 |   N/A | 100.0 |  51.0
               +-------+-------+-------+-------+-------+----------------------
